 Dungeon Crawl Stone Soup version 0.25-a0-316-gd28d56f9c5 (webtiles) character file.

Game seed: 11166365430623241458, levelgen mode: classic

205 Borgoz the Chopper (level 5, -3/32 HPs)
             Began as a Gargoyle Berserker on Dec 24, 2019.
             Was a Believer of Trog.
             Killed from afar by an orc wizard (11 damage)
             ... with a puff of flame
             ... on level 3 of the Dungeon.
             The game lasted 00:02:34 (2066 turns).

Borgoz the Chopper (Gargoyle Berserker)             Turns: 2066, Time: 00:02:35

Health: -3/32      AC:  6    Str: 21    XL:     5   Next: 83%
Magic:  5/5        EV: 13    Int: 12    God:    Trog [**....]
Gold:   122        SH:  0    Dex: 10    Spells: 4/4 levels left

rFire    . . .     SeeInvis .   a - +0 hand axe
rCold    . . .     Gourm    .   (no shield)
rNeg     + . .     Faith    .   b - +0 animal skin
rPois    ∞         Spirit   .   (no helmet)
rElec    +         Reflect  .   (no cloak)
rCorr    .         Harm     .   (no gloves)
MR       ++...                  (no boots)
Stlth    +.........             (no amulet)
HPRegen  1.10/turn              (no ring)
MPRegen  0.09/turn              (no ring)

@: brilliant, flying, regenerating, hasted, very quick
A: negative energy resistance 1, electricity resistance, unbreathing,
petrification resistance, rot immunity, AC +4
a: Berserk, Trog's Hand, Renounce Religion


You were on level 3 of the Dungeon.
You worshipped Trog.
Trog was pleased with you.
You were near starving.

You visited 1 branch of the dungeon, and saw 3 of its levels.

You collected 122 gold pieces.

Inventory:

Hand Weapons
 a - a +0 hand axe (weapon)
Armour
 b - a +0 animal skin (worn)
Scrolls
 h - a scroll of noise {unknown}
 i - a scroll of magic mapping {unknown}
 k - a scroll of identify {unknown}
 l - a scroll of enchant armour {unknown}
 m - a scroll of random uselessness {unknown}
Potions
 e - a potion of agility
Comestibles
 c - 6 rations


   Skills:
 - Level 3.2 Fighting
 * Level 4.2 Axes
 + Level 3.4 Armour
 * Level 3.2 Dodging


You had 4 spell levels left.
You didn't know any spells.
Your spell library was empty.

Dungeon Overview and Level Annotations

Branches:
Dungeon (3/15)

Altars:
Trog


Innate Abilities, Weirdness & Mutations

You are resistant to torment.
Your stone body is resilient. (AC +4)
You are immune to poison.
You resist negative energy. (rN+)
You are resistant to electric shocks. (rElec)
You can survive without breathing.
You are immune to petrification.
You are immune to rotting.


Message History

* * * LOW HITPOINT WARNING * * *
It was a potion of haste.
You feel yourself speed up. Something hits you but does no damage.
It was a potion of flight.
You feel very buoyant.
You fly up into the air.
Your skin crawls.
You feel resistant to hostile enchantments.
You feel somewhat more hungry. Something hits you but does no damage.
You barely miss something. Something hits you but does no damage.
You miss something. You closely miss something. Something barely misses you.
You hit something but do no damage. Something hits you.
* * * LOW HITPOINT WARNING * * *
You closely miss something.
You recover from your berserk rage.
You hear some strange, mumbled words.
A puff of flame appears from out of thin air!
The puff of flame hits you!
You die...

. #. .. .#..# ...
.#####.# #.# %...##...
.....#.# .. #.#......
...#...## #. #.#......
##.<##..# #.###........
..#.##..####..##).......
#..........##..).)......
...........$?...{.......
................@.......
####..#####..........$..
#...# ###...........
##..# #.##........ #...#
...##........
#.#(....##....#...$.
........ ..........
#..#.....# .........
...##...[#


There were no monsters in sight!

Vanquished Creatures
  An orc priest (D:3)
  Jessica (D:3)
  An orc wizard (D:3)
  5 adders (D:2)
  A worm (D:2)
  4 dart slugs
  3 leopard geckos (D:2)
  2 orcs (D:3)
  A ball python (D:1)
  8 bats
  A giant cockroach (D:1)
  7 hobgoblins
  8 jackals
  3 quokkas (D:2)
  A frilled lizard (D:1)
  5 goblins
  8 kobolds
  3 rats
63 creatures vanquished.

Notes
Turn   | Place    | Note
-------+----------+-------------------------------------------
     0 | D:1      | Borgoz the Gargoyle Berserker began the quest for the Orb.
     0 | D:1      | Reached XP level 1. HP: 14/14 MP: 1/1
    38 | D:1      | Reached XP level 2. HP: 10/19 MP: 2/2
   189 | D:1      | Reached skill level 3 in Axes
   295 | D:1      | Reached XP level 3. HP: 17/23 MP: 3/3
   304 | D:1      | Reached ** piety under Trog
  1253 | D:2      | Reached XP level 4. HP: 20/28 MP: 4/4
  1520 | D:2      | Found a bloodstained altar of Trog.
  1830 | D:2      | Reached XP level 5. HP: 32/32 MP: 5/5
  2017 | D:3      | Noticed Jessica
  2029 | D:3      | Reached skill level 4 in Axes
  2033 | D:3      | Killed Jessica
  2066 | D:3      | Killed from afar by an orc wizard

Levels and vault maps discovered:
D:1:      psy_arrival_whirlpool, layout_rooms, supply_closet_lemuel,
          minmay_misc_feat_tiny, serial_bayou_lagoon_b
D:2:      layout_rooms, bloody_trog, first_ration
D:3:      layout_rooms, uniq_jessica

Skill      XL: |  1  2  3  4  5 |
---------------+----------------+-----
Axes           | 3 4 |  4.2
Dodging        | 2 3 |  3.2
Armour         | 3 |  3.4
Fighting       | |  3.2

Action                   |  1- 3 |  4- 6 || total
-------------------------+-------+-------++-------
Melee: Hand axe          |   134 |    92 ||   226
Invok: Berserk           |     1 |     2 ||     3
       Trog's Hand       |       |     1 ||     1
  Use: Potion            |       |     4 ||     4
       Scroll            |       |     1 ||     1
  Eat: Chunk             |     2 |     3 ||     5
Armor: Animal skin       |    59 |    41 ||   100
Dodge: Dodged            |    96 |    82 ||   178

Table legend:
 A = Non-vault XP
 B = Vault XP
 C = Vault XP percentage of total XP
 D = Non-vault monster count
 E = Vault monster count
 F = Vault count percentage of total count
                 A         B        C        D         E       F
            +---------+---------+-------+---------+---------+-------
      Total |     257 |      37 |  12.6 |      62 |       1 |   1.6
            +---------+---------+-------+---------+---------+-------
        D:1 |      59 |       0 |   0.0 |      32 |       0 |   0.0
        D:2 |     114 |       0 |   0.0 |      26 |       0 |   0.0
        D:3 |      84 |      37 |  30.6 |       4 |       1 |  20.0
            +---------+---------+-------+---------+---------+-------
